 Dungeon Crawl Stone Soup version 0.18.1-48-g4cf74bf (console) character file.

228 Kloppie the Skirmisher (level 6, -1/40 HPs)
             Began as a Gargoyle Fighter on June 26, 2016.
             Slain by an orc priest
             ... wielding a cursed +0 flail
              (5 damage)
             ... on level 4 of the Dungeon.
             The game lasted 00:05:33 (3232 turns).

Kloppie the Skirmisher (Gargoyle Fighter)           Turns: 3232, Time: 00:05:33

Health: -1/40      AC: 13    Str: 22    XL:     6   Next: 2%
Magic:  6/6        EV: 12    Int:  8    God:
Gold:   223        SH:  9    Dex: 14    Spells: 0 memorised, 5 levels left

rFire  . . .     SeeInvis .     a - +0 flail
rCold  . . .     Gourm    .     b - +0 scale mail
rNeg   + . .     Faith    .     c - +0 shield
rPois  ∞         Spirit   .     (no helmet)
rElec  +         Dismiss  .     (no cloak)
rCorr  .         Reflect  .     y - +1 pair of gloves
SustAt .         Harm     .     (no boots)
MR     .....                    (no amulet)
Stlth  +.........               (no ring)
                                (no ring)

@: agile, not resistant to hostile enchantments, very unstealthy
A: negative energy resistance 1, electricity resistance, unbreathing,
petrification resistance, rot immunity, AC +4
a: no special abilities


You were on level 4 of the Dungeon.
You were very hungry.

You visited 1 branch of the dungeon, and saw 4 of its levels.

You collected 223 gold pieces.

Inventory:

Hand Weapons
 a - a +0 flail (weapon)
Armour
 b - a +0 scale mail (worn)
 c - a +0 shield (worn)
 y - a +1 pair of gloves (worn)
Wands
 u - a wand of lightning (15/15)
Scrolls
 e - a scroll of immolation
 m - a scroll of remove curse
 r - a scroll of amnesia
Potions
 d - a potion of lignification {unknown}
 j - a potion of magic
 n - 3 potions of flight
 o - a potion of agility
 p - 2 potions of heal wounds {unknown}
 x - a potion of mutation {unknown}
 z - a potion of brilliance {unknown}
 A - a potion of degeneration {unknown}
 C - a potion of haste {unknown}
Comestibles
 f - 2 bread rations
 l - 4 fruits
 s - 4 meat rations
 D - a royal jelly


   Skills:
 - Level 4.9 Fighting
 + Level 4.4 Maces & Flails
 + Level 4.1 Armour
 - Level 3.2 Shields


You had 5 spell levels left.
You didn't know any spells.

Dungeon Overview and Level Annotations

Branches:
Dungeon (4/15)
 Temple: D:4-7

Altars:
Ashenzari
Trog
Zin
The Shining One

Shops:
D:4 [


Innate Abilities, Weirdness & Mutations

You are resistant to torment.
Your stone body is resilient (AC +4).
You are immune to poison.
You resist negative energy.
You are resistant to electric shocks.
You can survive without breathing.
You are immune to petrification.
You are immune to rotting.


Message History

Your shield and scale mail prevent you from hitting the orc priest.
The orc closely misses you. You block the orc priest's attack.
The orc closely misses you.
Your shield and scale mail prevent you from hitting the orc priest.
You block the orc priest's attack. The orc hits you but does no damage.
You hit the orc priest.
The orc priest is moderately wounded.
You block the orc priest's attack. You block the orc's attack.
You sock the orc!
You kill the orc!
The orc priest hits you but does no damage.
Your shield and scale mail prevent you from hitting the orc priest.
The orc priest is moderately wounded.
The orc priest invokes the aid of Beogh against you.
Pain shoots through your body!
* * * LOW HITPOINT WARNING * * *
You hit the orc priest but do no damage.
The orc priest is moderately wounded.
The orc priest hits you with a flail.
You die...

. ###+### ###
#.....# .####.#
#.⌠.⌠.# .......
#..∩..# ###.. .⌠.⌠.
#.. [.. ###.. ##)#
#.... ##o@######
#.#..
#........#######.#..
#........##>........
#...###..##.####.###
##..+_'..##.# #.###
#..###.....# #....
#......##### #####
#......# ########


You could see an orc priest.

Vanquished Creatures
  2 orc wizards (D:4)
  3 gnolls (D:4)
  5 adders
  4 worms
  A giant gecko (D:1)
  11 orcs
  4 giant cockroaches
  5 goblins
  8 hobgoblins
  5 jackals (D:3)
  7 kobolds
  A quokka (D:3)
  8 bats
  4 giant newts
  11 rats
79 creatures vanquished.

Notes
Turn   | Place    | Note
--------------------------------------------------------------
     0 | D:1      | Kloppie the Gargoyle Fighter began the quest for the Orb.
     0 | D:1      | Reached XP level 1. HP: 14/14 MP: 1/1
   138 | D:1      | Reached XP level 2. HP: 19/19 MP: 2/2
   683 | D:2      | Reached XP level 3. HP: 17/24 MP: 3/3
  1191 | D:2      | Found a glowing silver altar of Zin.
  1236 | D:2      | Reached XP level 4. HP: 29/30 MP: 4/4
  1719 | D:3      | Found a shattered altar of Ashenzari.
  1998 | D:3      | Found a glowing golden altar of the Shining One.
  2152 | D:3      | Reached XP level 5. HP: 34/34 MP: 5/5
  2787 | D:4      | HP: 1/34 [orc wizard/magic dart (4)]
  3198 | D:4      | Found a bloodstained altar of Trog.
  3208 | D:4      | Found Pocrae's Armour Shoppe.
  3223 | D:4      | Reached XP level 6. HP: 21/40 MP: 6/6
  3232 | D:4      | Slain by an orc priest

Skill      XL: |  1  2  3  4  5 |
---------------+----------------+-----
Fighting       | 4 |  4.9
Maces & Flails | 3 4 |  4.4
Armour         | 4 |  4.1
Shields        | |  3.2

Action                   |  1- 3 |  4- 6 || total
-------------------------+-------+-------++-------
Melee: Flail             |   131 |   198 ||   329
  Use: Scroll            |       |    12 ||    12
       Potion            |       |     5 ||     5
  Eat: Chunk             |     1 |     6 ||     7
Armor: Scale mail        |    87 |    92 ||   179
Dodge: Dodged            |    30 |    61 ||    91
Block: Shield            |    60 |    94 ||   154
